 Seeded DCSS version 0.31-a0-620-gd1cbd99268 (webtiles) character file.

Game seed: 15205688616186142777 (custom seed)

280 Mickster the Chopper (level 6, -2/79 HPs)
             Began as a Hill Orc Berserker on Aug 23, 2023.
             Was a Priest of Trog.
             Killed by divine providence
             ... invoked by an orc priest
              (16 damage)
             ... on level 4 of the Dungeon on Aug 24, 2023.
             The game lasted 00:17:18 (2577 turns).

Mickster the Chopper (Hill Orc Berserker)           Turns: 2577, Time: 00:17:18

Health: -2/79      AC:  8    Str: 22      XL:     6   Next: 27%
Magic:  6/6        EV: 11    Int:  4 (7)  God:    Trog [***...]
Gold:   103        SH:  0    Dex: 11 (13) Spells: 5/5 levels left

rFire   . . .        n - +2 spear (freeze)
rCold   . . .        (no shield)
rNeg    . . .        h - +1 ring mail "Palis" {Harm Dex+3 SInv}
rPois   .            (no helmet)
rElec   .            (no cloak)
rCorr   .            (no gloves)
SInv    +            r - +0 pair of boots
Will    .....        (no amulet) Stlth
                     (no ring)
HPRegen 0.33/turn    (no ring)
MPRegen 0.10/turn

%: harm (+30% outgoing, +20% incoming)
@: berserking, very quick
A: no striking features
a: Renounce Religion, Convert to Beogh, Berserk, Trog's Hand


You were on level 4 of the Dungeon.
You worshipped Trog.
Trog was most pleased with you.
You visited 1 branch of the dungeon, and saw 4 of its levels.

You collected 103 gold pieces.

Inventory:

Hand Weapons
 a - a +0 hand axe
 n - a +2 spear of freezing (weapon)
Missiles
 e - 6 boomerangs
 j - a throwing net
 k - 21 stones
Armour
 g - a +0 scale mail
 h - the +1 ring mail "Palis" (worn) {Harm Dex+3 SInv}
   (You found it on level 2 of the Dungeon)

   Dex+3:     It affects your dexterity (+3).
   SInv:      It lets you see invisible.
   Harm:      It increases damage dealt and taken.
 r - a +0 pair of boots (worn)
Wands
 b - a wand of flame (29)
 c - a wand of roots (12)
Scrolls
 f - 2 scrolls of teleportation
 i - 3 scrolls of poison
 l - a scroll of revelation {unknown}
 p - a scroll of identify
Potions
 d - a potion of brilliance (quivered)
 o - a potion of enlightenment


   Skills:
 + Level 4.5 Fighting
 - Level 5.6(6.0) Axes
 * Level 2.5(3.9) Polearms
 + Level 4.1 Armour
 + Level 2.4 Dodging
 + Level 0.1 Stealth


You had 5 spell levels left.
You didn't know any spells.
Your spell library was empty.

Dungeon Overview and Level Annotations

Branches:
Dungeon (4/15)
 Temple: D:4-7

Altars:
Makhleb
Xom
Yredelemnul


Message History

The orc shouts!
The hobgoblin hits you with a staff of air.
* * * LOW HITPOINT WARNING * * *
A black bear comes into view.
You barely miss the hobgoblin.
An orc comes into view. It is wielding a +0 whip.
The hobgoblin misses you.
An orc priest comes into view. It is wielding a +0 dagger.
You hit the hobgoblin. You freeze the hobgoblin.
The hobgoblin is heavily wounded.
The hobgoblin completely misses you.
You closely miss the hobgoblin.
The hobgoblin is heavily wounded.
The hobgoblin hits you with a staff of air.
* * * LOW HITPOINT WARNING * * *
You hit the hobgoblin. You freeze the hobgoblin.
You kill the hobgoblin!
Trog accepts your kill.
The orc wizard points at you and mumbles some strange words.
You are confused.
Unknown command.
The orc priest looks braver for a moment.
You feel less confused.
The orc wizard mumbles some strange words.
The orc wizard flickers and vanishes for a moment.
The orc hits you but does no damage.
An adder comes into view.
An iguana comes into view.
A red film seems to cover your vision as you go berserk!
You feel yourself moving faster!
You feel mighty!
The adder hisses angrily.
The iguana hisses angrily.
The orc hits you with a +0 dagger.
* * * LOW HITPOINT WARNING * * *
You barely miss the orc. The orc hits you with a +0 dagger.
* * * LOW HITPOINT WARNING * * *
You puncture the orc! You freeze the orc.
You kill the orc!
Trog accepts your kill.
The orc priest mumbles some strange prayers to Beogh against you.
Beogh smites you!
You die...

........
........ .#
..l... .# .S..
..+ ##'#####
...#
#.oo...##...##
#...o.........
#....o........
#....)@.......
#.............
#......###+###
#......#
#......#
#........
##........
#.........


You could see an iguana, 2 orc priests, an orc wizard (invisible), an adder and
an orc.

Vanquished Creatures
  A scorpion (D:4)
  A gnoll bouda (D:4)
  An adder (D:2)
  9 gnolls
  An ufetubus (D:4)
  2 worms
  2 dart slugs (D:2)
  An orc (D:4)
  6 ball pythons
  5 bats
  8 endoplasms
  6 giant cockroaches
  4 goblins
  11 hobgoblins
  3 jackals (D:1)
  7 kobolds
  4 quokkas
  2 frilled lizards
  A jackal zombie (D:3)
  A quokka zombie (D:3)
  3 rats
79 creatures vanquished.

Notes
Turn   | Place    | Note
-------+----------+-------------------------------------------
     0 | D:1      | Mickster the Hill Orc Berserker began the quest for the
                  | Orb.
     0 | D:1      | Reached XP level 1. HP: 19/19 MP: 1/1
    64 | D:1      | Reached XP level 2. HP: 20/27 MP: 2/2
   431 | D:1      | Reached XP level 3. HP: 16/33 MP: 3/3
   623 | D:1      | Reached skill level 5 in Axes
   624 | D:1      | Reached ** piety under Trog
  1224 | D:2      | Identified the +1 ring mail "Palis" {Harm Dex+3 SInv}
  1264 | D:2      | Reached XP level 4. HP: 35/40 MP: 4/4
  1825 | D:3      | Reached XP level 5. HP: 42/47 MP: 5/5
  2008 | D:3      | Found a burning altar of Makhleb.
  2177 | D:3      | Found a basalt altar of Yredelemnul.
  2253 | D:4      | Found a shimmering altar of Xom.
  2254 | D:4      | Found a shimmering altar of Xom.
  2256 | D:4      | Reached skill level 1 in Polearms
  2276 | D:4      | Reached *** piety under Trog
  2279 | D:4      | HP: 2/47 [poisoned by a gnoll]
  2527 | D:4      | Found a shimmering altar of Xom.
  2527 | D:4      | Found a shimmering altar of Xom.
  2527 | D:4      | Found a shimmering altar of Xom.
  2535 | D:4      | Found a shimmering altar of Xom.
  2535 | D:4      | Found a shimmering altar of Xom.
  2550 | D:4      | Reached XP level 6. HP: 33/53 MP: 6/6
  2563 | D:4      | Noticed a black bear
  2577 | D:4      | Killed from afar by an orc priest

Illustrated notes

Levels and vault maps discovered:
D:1:      erik_arrival_cave_to_civilisation [erik_arrival_cave_to_hall],
          layout_basic, serial_glass, glass_columns_b, glass_columns_b,
          dreamdust_princess_bridge
D:2:      layout_basic
D:3:      layout_rooms, lemuel_zombie_altar_yredelemnul,
          mainiacjoe_overflow_boulevard, minmay_strange_pillars
D:4:      layout_gridville, xom_redecorated, mainiacjoe_overflow_cross_hatched,
          serial_shops, shop

Skill      XL: |  1  2  3  4  5 |
---------------+----------------+-----
Fighting       | 4 |  4.5
Axes           | 5 |  5.6
Dodging        | 2 |  2.4
Armour         | 3 4 |  4.1
Polearms       | 2 |  2.5
Stealth        | |  0.1

Action                     |  1- 3 |  4- 6 || total
---------------------------+-------+-------++-------
  Melee: Hand axe          |   114 |    24 ||   138
         Punch             |     1 |       ||     1
         Spear             |       |    66 ||    66
 Invoke: Berserk           |       |     4 ||     4
         Trog's Hand       |       |     1 ||     1
  Evoke: Wand              |       |     2 ||     2
    Use: Scroll            |     4 |     2 ||     6
         Potion            |       |     3 ||     3
 Armour: Animal skin       |     6 |       ||     6
         Scale mail        |    33 |       ||    33
         Ring mail         |     3 |    37 ||    40
  Dodge: Dodged            |    79 |    50 ||   129

Table legend: (Time is in decaauts)
 A = Elapsed time spent in this place.
 B = Non-inter-level travel time spent in this place.
 C = Inter-level travel time spent in this place.
 D = Time resting spent in this place.
 E = Time spent auto-exploring this place.
 F = Levels seen in this place.
 G = Mean time per level.
                   A        B        C        D        E       F      G
               +--------+--------+--------+--------+--------+-----+--------+
         Total |   2609 |   2564 |     45 |    349 |   1310 |   4 |  652.2 |
       Dungeon |   2609 |   2564 |     45 |    349 |   1310 |   4 |  652.2 |
               +--------+--------+--------+--------+--------+-----+--------+

Top non-repeatable levels by time:
     D:1: 955 daAuts
     D:3: 691 daAuts
     D:2: 631 daAuts
     D:4: 330 daAuts
